 Dungeon Crawl Stone Soup version 0.28-a0-381-g937acc2988 (webtiles) character file.

Game seed: 6709277990155915740

84 Manisian the Insei (level 4, -1/28 HPs)
             Began as an Octopode Transmuter on Sept 1, 2021.
             Frozen to death by an endoplasm (4 damage)
             ... on level 3 of the Dungeon.
             The game lasted 00:04:25 (2687 turns).

Manisian the Insei (Octopode Transmuter)            Turns: 2687, Time: 00:04:25

Health: -1/28      AC:  1    Str:  9    XL:     4   Next: 46%
Magic:  7/7        EV: 13    Int: 16    God:
Gold:   57         SH:  0    Dex: 12    Spells: 4/7 levels left

rFire   . . .      SeeInvis .   n - +4 quarterstaff (chaos)
rCold   . . .      Faith    .   (shield currently unavailable)
rNeg    . . .      Spirit   .   (helmet restricted)
rPois   .          Reflect  .   (no amulet)
rElec   .          Harm     .   d - ring of flight
rCorr   .          Rampage  .   (no ring)
Will    +....                   (no ring)
Stlth   +++.......              (no ring)
HPRegen 0.09/turn               (no ring)
MPRegen 0.10/turn               (no ring)
                                (no ring)
                                (no ring)

@: flying
A: almost no armour, amphibious, 8 rings, camouflage 1, gelatinous body 1,
(nimble swimmer 1), tentacles, strong-willed 1, MP-powered wands
a: no special abilities


You were on level 3 of the Dungeon.
You visited 1 branch of the dungeon, and saw 3 of its levels.

You collected 57 gold pieces.

Inventory:

Hand Weapons
 f - a +0 dagger of venom
 n - a +4 quarterstaff of chaos (weapon)
Missiles
 b - 74 stones (quivered)
 i - 21 bolts
Jewellery
 a - an amulet of faith
 d - a ring of flight (left tentacle)
Potions
 c - 2 potions of mutation
 e - a potion of curing {unknown}
 g - 2 potions of attraction {unknown}
 h - a potion of heal wounds {unknown}


   Skills:
 + Level 1.1 Fighting
 + Level 2.2 Dodging
 + Level 1.7 Stealth
 + Level 4.3 Unarmed Combat
 + Level 2.4 Spellcasting
 + Level 2.2 Transmutations


You had 4 spell levels left.
You knew the following spells:

 Your Spells              Type           Power      Damage    Failure   Level
a - Beastly Appendage     Tmut           18%        N/A       9%          1
b - Wereblood             Tmut           9%         N/A       12%         2

Your spell library contained the following spells:

 Spells                   Type           Power      Damage    Failure   Level
 Spider Form              Tmut/Pois      2%         N/A       36%         3
 Ice Form                 Ice/Tmut       5%         N/A       77%         4


Dungeon Overview and Level Annotations

Branches:
Dungeon (3/15)

Altars:

Annotations:
D:3 Natasha


Innate Abilities, Weirdness & Mutations

You cannot wear most types of armour.
You are amphibious.
You can wear up to eight rings at the same time.
Your skin changes colour to match your surroundings (Stealth+).
Your rubbery body absorbs attacks. (AC +1, EV +1)
((You are camouflaged near water. (Stealth+)))
You have tentacles for arms and can constrict up to eight enemies at once.
You are strong-willed. (Will+)
You expend magic power (3 MP) to strengthen your wands.


Message History

Found 21 sling bullets.
Natasha, Servant of Life and Death comes into view.
Natasha hisses angrily.
The endoplasm jiggles.
Natasha mumbles some strange words.
You feel troubled.
You miss Natasha. Your grab misses Natasha. Natasha barely misses you.
You sock Natasha! Your grab misses Natasha.
Natasha is heavily wounded.
The endoplasm hits you but does no damage.
An orc comes into view. It is wielding a +0 hand axe.
Natasha howls an incantation.
Natasha shimmers violently.
Natasha barely misses you. The endoplasm freezes you.
You are frozen.
You hit Natasha. You burn Natasha. Your grab misses Natasha.
Natasha is almost dead.
Natasha stares at you and mumbles some strange words.
The magic dart hits you! The endoplasm misses you.
Natasha mumbles some strange words.
You are too injured to fight recklessly!
You are too injured to fight recklessly!
Unknown command.
You are too injured to fight recklessly!
You barely miss Natasha. Your grab misses Natasha.
Natasha is almost dead.
The endoplasm closely misses you. Natasha barely misses you.
You closely miss Natasha. Your grab misses Natasha.
Your squeeze misses Natasha.
Natasha is almost dead.
The endoplasm closely misses you. The shadow imp hits you.
* * * LOW HITPOINT WARNING * * *
Natasha claws you.
* * * LOW HITPOINT WARNING * * *
The endoplasm hits you but does no damage.
Natasha barely misses you. The endoplasm freezes you.
You are frozen.
You die...

#....#....#
##.##.#.##.#
#.......# .#
#.#.#.### . .
#.# ## #.# #.
#.# .. ##.# .#
#..##.@#.#
#....J5h.#
.......o.#.....
..###..#...####
( #... ...#
..... ...#
...#.# #..#
...... ...
##.... .###


You could see Natasha, a shadow imp (summoned), an orc and an endoplasm.

Vanquished Creatures
  Crazy Yiuf (D:2)
  Jessica (D:2)
  A bat (D:1)
  3 endoplasms
  A giant cockroach (D:1)
  4 hobgoblins
  3 jackals (D:2)
  A quokka (D:2)
  3 ball pythons
  4 frilled lizards
  5 kobolds
  2 rats (D:1)
29 creatures vanquished.

Notes
Turn   | Place    | Note
-------+----------+-------------------------------------------
     0 | D:1      | Manisian the Octopode Transmuter began the quest for the
                  | Orb.
     0 | D:1      | Reached XP level 1. HP: 13/13 MP: 3/3
   448 | D:1      | Reached XP level 2. HP: 4/18 MP: 3/5
   685 | D:1      | Learned a level 2 spell: Wereblood
   782 | D:1      | Found a faded altar of an unknown god.
  1328 | D:1      | Gained mutation: You expend magic power (3 MP) to
                  | strengthen your wands. [potion of mutation]
  1328 | D:1      | Gained mutation: You are strong-willed. (Will+) [potion of
                  | mutation]
  1621 | D:2      | Noticed Jessica
  1633 | D:2      | Killed Jessica
  1634 | D:2      | Reached skill level 1 in Stealth
  1634 | D:2      | Reached skill level 4 in Unarmed Combat
  1634 | D:2      | Reached XP level 3. HP: 23/23 MP: 4/6
  2274 | D:2      | Found a runed translucent door.
  2275 | D:2      | Noticed Crazy Yiuf
  2486 | D:2      | Killed Crazy Yiuf
  2487 | D:2      | Reached XP level 4. HP: 20/28 MP: 5/7
  2680 | D:3      | Noticed Natasha
  2687 | D:3      | Frozen to death by an endoplasm

Illustrated notes

Levels and vault maps discovered:
D:1:      dpeg_arrival_rhombus, layout_loops_ring,
          shapermc_ecumenical_altar_totnotflames, minmay_pentomino_u4
D:2:      layout_loops_ring, minmay_fountain_box, kennysheep_generic_room_3,
          uniq_jessica, uniq_crazy_yiuf_cottage
D:3:      layout_rooms, grunt_temple_overflow_champion_of_chaos,
          overflow_temple_1_default, uniq_natasha, uniq_ijyb

Skill      XL: |  1  2 |
---------------+-------+-----
Stealth        | 1 |  1.7
Unarmed Combat | 4 |  4.3
Fighting       | |  1.1
Dodging        | |  2.2
Spellcasting   | |  2.4
Transmutations | |  2.2

Action                   |  1- 3 |  4- 6 || total
-------------------------+-------+-------++-------
Melee: Unarmed           |    66 |       ||    66
       Constrict         |    17 |       ||    17
       Kick              |     9 |       ||     9
       Tentacles         |     6 |       ||     6
       Punch             |     4 |       ||     4
       Quarterstaff      |       |     7 ||     7
Throw: Stone             |     5 |       ||     5
 Cast: Beastly Appendage |     7 |       ||     7
       Wereblood         |     1 |       ||     1
  Use: Scroll            |     2 |     4 ||     6
       Potion            |     1 |       ||     1
 Stab: Sleeping          |     5 |     1 ||     6
Armor: Skin              |     1 |     2 ||     3
Dodge: Dodged            |    24 |     8 ||    32

Table legend: (Time is in decaauts)
 A = Elapsed time spent in this place.
 B = Non-inter-level travel time spent in this place.
 C = Inter-level travel time spent in this place.
 D = Time resting spent in this place.
 E = Time spent auto-exploring this place.
 F = Levels seen in this place.
 G = Mean time per level.
                   A        B        C        D        E       F      G
               +--------+--------+--------+--------+--------+-----+--------+
         Total |   2683 |   2594 |     89 |    374 |   1800 |   3 |  894.3 |
       Dungeon |   2683 |   2594 |     89 |    374 |   1800 |   3 |  894.3 |
               +--------+--------+--------+--------+--------+-----+--------+

Top non-repeatable levels by time:
     D:2: 1333 daAuts
     D:1: 1328 daAuts
     D:3: 21 daAuts
